 Dungeon Crawl Stone Soup version 0.17-a0-1719-g1afd5a1 (webtiles) character file.

18 kosy22 the Gusty (level 2, 0/13 HPs)
             Began as a Vine Stalker Air Elementalist on Aug 27, 2015.
             Succumbed to an adder's poison
             ... on level 2 of the Dungeon.
             The game lasted 00:05:03 (855 turns).

kosy22 the Gusty (Vine Stalker Air Elementalist)     Turns: 855, Time: 00:05:03

Health: 0/13       AC:  8    Str: 10    XL:     2   Next: 66%
Magic:  2/6        EV:  4    Int: 15    God:
Gold:   8          SH:  0    Dex: 14    Spells: 2 memorised, 2 levels left

rFire  . . .     SeeInvis .     k - -3 dagger (curse)
rCold  . . .     Clarity  .     j - +0 chain mail (curse)
rNeg   . . .     SustAt   .     (no shield)
rPois  .         Gourm    .     (no helmet)
rElec  .         Spirit   +     (no cloak)
rCorr  .         Warding  .     (no gloves)
rMut   .         Stasis   .     (no boots)
MR     .....                    (no amulet)
Stlth  ..........               (no ring)
                                (no ring)

@: lethally poisoned (0 -> -1), very slightly contaminated, not resistant to
hostile enchantments, extremely unstealthy
A: fangs 2, regeneration 1, magic shield, antimagic bite, no device heal 3, rot
immunity
a: no special abilities


You were on level 2 of the Dungeon.
You were hungry.

You visited 1 branch of the dungeon, and saw 2 of its levels.

You collected 8 gold pieces.

Inventory:

Hand weapons
 e - a +0 club
 k - a cursed -3 dagger (weapon)
Armour
 a - a +0 robe
 f - a +0 leather armour
 j - a cursed +0 chain mail (worn)
Potions
 g - a potion of lignification {unknown}
 h - a potion of haste {unknown}
Books
 b - a book of Air

   Spells                             Type                      Level
   a - Shock                          Conjuration/Air              1
   b - Swiftness                      Charms/Air                   2
   c - Repel Missiles                 Charms/Air                   2
   d - Static Discharge               Conjuration/Air              3
   e - Lightning Bolt                 Conjuration/Air              5
Comestibles
 c - a bread ration
 d - 3 fruits
 i - a royal jelly


   Skills:
 + Level 0.2 Armour
 + Level 1.7 Dodging
 + Level 2.7 Stealth
 + Level 2.2 Spellcasting
 + Level 1.2 Conjurations
 + Level 0.2 Charms
 + Level 3.3 Air Magic


You had 2 spell levels left.
You knew the following spells:

 Your Spells              Type           Power        Failure   Level  Hunger
a - Shock                 Conj/Air       #...         100%        1    #......
b - Swiftness             Chrm/Air       #.......     100%        2    ###....


Dungeon Overview and Level Annotations

Branches:
Dungeon (2/15)

Altars:


Innate Abilities, Weirdness & Mutations

You have extremely sharp teeth.
Your natural rate of healing is unusually fast.
When hurt, damage is shared between your health and your magic reserves.
Your bite disrupts and absorbs the magic of your enemies.
Potions and wands cannot restore your health.
You are immune to rotting.


Message History

You see here a scratched glass ring.
The adder barely misses you.
You feel sick. The adder bites you but does no damage.
You feel sick.
You miss the adder. You bite the adder, but do no damage. The adder bites you.
The adder bites you but does no damage.
You hit the adder. Your bite misses the adder.
The adder is lightly wounded.
You feel sick. The adder barely misses you.
The adder bites you but does no damage. The adder bites you.
* * * LOW HITPOINT WARNING * * *
The adder bites you but does no damage. The adder bites you.
* * * LOW HITPOINT WARNING * * *
You hit the adder but do no damage. Your bite misses the adder.
The adder is lightly wounded.
The adder barely misses you. The adder completely misses you.
The adder bites you but does no damage. The adder barely misses you.
You hit the adder.
The adder is moderately wounded.
You die...

########
##......#######
..............#
..............#
......S@......#
......SS#######
###.....#
###....=#
........#####
.....)......#
..........>...#
..:...........#
..............#


You could see 3 adders.

Vanquished Creatures
  An ooze (D:1)
  A giant cockroach (D:1)
  2 hobgoblins (D:1)
  A kobold (D:1)
  A bat (D:1)
  2 giant newts (D:1)
  2 goblins (D:1)
  4 rats (D:1)
  A plant (D:1)
15 creatures vanquished.

Notes
Turn   | Place    | Note
--------------------------------------------------------------
     0 | D:1      | kosy22 the Vine Stalker Air Elementalist began the quest for the Orb.
     0 | D:1      | Reached XP level 1. HP: 9/9 MP: 4/4
   160 | D:1      | Reached XP level 2. HP: 5/13 MP: 3/6
   213 | D:1      | Learned a level 2 spell: Swiftness
   855 | D:2      | Succumbed to an adder's poison

Vault maps used:
D:1:      roderic_dead_forest, serial_bayou_pond_c
D:2:      uniq_iyjb, uniq_natasha, uniq_crazy_yiuf_cottage

Action                   || total
-------------------------++-------
Melee: Club              ||   158
       Dagger            ||     4
 Cast: Shock             ||     6
       Swiftness         ||     1
  Use: Scroll            ||     1
